 Dungeon Crawl Stone Soup version 0.31-a0-851-g7ff8af7976 (webtiles) character file.

Game seed: 16677181106875387102

137 IndexError the Digger (level 5, -1/28 HPs)
             Began as a Gargoyle Earth Elementalist on Oct 5, 2023.
             Slain by an orc
             ... wielding a +0 whip
              (4 damage)
             ... on level 3 of the Dungeon.
             The game lasted 00:02:07 (2236 turns).

IndexError the Digger (Gargoyle Earth Elementalist) Turns: 2236, Time: 00:02:07

Health: -1/28      AC:  7    Str: 11    XL:     5   Next: 20%
Magic:  0/10       EV: 11    Int: 18    God:
Gold:   79         SH:  0    Dex: 10    Spells: 10/11 levels left

rFire   . . .        g - +0 rapier
rCold   . . .        (no shield)
rNeg    + . .        a - +0 robe
rPois   ∞            (no helmet)
rElec   +            j - +0 cloak
rCorr   .            (no gloves)
SInv    .            (no boots)
Will    .....        (no amulet)
Stlth   ++           (no ring)
HPRegen 0.24/turn    (no ring)
MPRegen 0.12/turn

%: no passive effects
@: no status effects
A: sickness immunity, AC +4, negative energy resistance 1, electricity
resistance, torment resistance 1, petrification resistance
a: no special abilities


You were on level 3 of the Dungeon.
You visited 1 branch of the dungeon, and saw 3 of its levels.

You collected 79 gold pieces.

Inventory:

Hand Weapons
 g - a +0 rapier (weapon)
   (You found it on level 1 of the Dungeon)
Armour
 a - a +0 robe (worn)
 j - a +0 cloak (worn)
   (You found it on level 1 of the Dungeon)
Wands
 o - a wand of quicksilver (14)
   (You found it on level 3 of the Dungeon)
Scrolls
 c - 2 scrolls of identify {unknown}
 d - a scroll of enchant weapon {unknown}
 e - a scroll of butterflies {unknown}
 f - a scroll of fog {unknown}
 h - a scroll of noise {unknown}
 m - 3 scrolls of enchant armour {unknown}
 n - a scroll of immolation {unknown}
 p - 2 scrolls of teleportation {unknown}
Potions
 b - 2 potions of magic
 i - a potion of brilliance {unknown}
 k - 2 potions of attraction {unknown}
 l - a potion of curing {unknown}


   Skills:
 - Level 1.5 Dodging
 - Level 2.1 Stealth
 + Level 3.6 Spellcasting
 - Level 0.7 Transmutations
 + Level 5.5 Earth Magic


You had 10 spell levels left.
You knew the following spells:

 Your Spells              Type           Power      Damage    Failure   Level
a - Sandblast             Erth           46%        2d11      1%          1

Your spell library contained the following spells:

 Spells                   Type           Power      Damage    Failure   Level
 Passwall                 Tmut/Erth      11%        N/A       6%          2
 Stone Arrow              Conj/Erth      26%        3d8       14%         3
 Summon Small Mammal      Summ           12%        N/A       16%         1
 Petrify                  Tmut/Erth      14%        N/A       38%         4
 Call Canine Familiar     Summ           3%         N/A       41%         3
 Summon Guardian Golem    Hex/Summ       3%         N/A       41%         3
 Brom's Barrelling Bould  Conj/Erth      13%        2d4       43%         4


Dungeon Overview and Level Annotations

Branches:
Dungeon (3/15)

Altars:

Shops:
D:1 ?*


Innate Abilities, Weirdness & Mutations

You are immune to sickness and miasma.
Your stone body is resilient. (AC +4)
You are immune to poison.
You resist negative energy. (rN+)
You are resistant to electric shocks. (rElec)
You are resistant to unholy torment.
You are immune to petrification.


Message History

Casting: Sandblast (safe; 1% risk of failure)
Confirm with . or Enter, or press ? or * to list all spells.
Aiming: Sandblast (safe; 1% risk of failure)
Press: ? - help, Shift-Dir - straight line, f/p - hobgoblin
Aim: a hobgoblin (heavily wounded, 83% to hit)
The blast of sand hits the orc priest.
The orc priest hits you but does no damage.
You now have 5/9 mp.
Casting: Sandblast (safe; 1% risk of failure)
Confirm with . or Enter, or press ? or * to list all spells.
Aiming: Sandblast (safe; 1% risk of failure)
Press: ? - help, Shift-Dir - straight line, f/p - hobgoblin
Aim: a hobgoblin (heavily wounded, 83% to hit)
The blast of sand misses the orc.
The blast of sand hits the hobgoblin!
The orc hits you with a +1 heavy mace.
Casting: Sandblast (safe; 1% risk of failure)
Confirm with . or Enter, or press ? or * to list all spells.
Aiming: Sandblast (safe; 1% risk of failure)
Press: ? - help, Shift-Dir - straight line, f - orc
Aim: an orc, wielding a +1 heavy mace (83% to hit)
The blast of sand hits the orc!
The orc priest closely misses you.
You now have 4/9 mp.
Casting: Sandblast (safe; 1% risk of failure)
Confirm with . or Enter, or press ? or * to list all spells.
Aiming: Sandblast (safe; 1% risk of failure)
Press: ? - help, Shift-Dir - straight line, f - orc priest
Aim: an orc priest, wielding a +0 dagger and wearing a +0 scale mail (lightly wounded, 85% to hit)
The blast of sand hits the orc priest.
The orc priest hits you with a +0 dagger.
You take 4 damage, and have 17/24 hp.
You now have 3/9 mp.
Casting: Sandblast (safe; 1% risk of failure)
Confirm with . or Enter, or press ? or * to list all spells.
Aiming: Sandblast (safe; 1% risk of failure)
Press: ? - help, Shift-Dir - straight line, f/p - orc priest
Aim: an orc priest, wielding a +0 dagger and wearing a +0 scale mail (heavily wounded, 85% to hit)
The blast of sand misses the orc priest.
The blast of sand hits the orc.
The orc priest closely misses you.
The orc priest hits you but does no damage.
You now have 2/9 mp.
Casting: Sandblast (safe; 1% risk of failure)
Confirm with . or Enter, or press ? or * to list all spells.
Aiming: Sandblast (safe; 1% risk of failure)
Press: ? - help, Shift-Dir - straight line, f/p - orc priest
Aim: an orc priest, wielding a +0 dagger and wearing a +0 scale mail (heavily wounded, 85% to hit)
The blast of sand hits the orc priest but does no damage.
The orc priest hits you but does no damage.
You now have 1/9 mp.
Casting: Sandblast (safe; 1% risk of failure)
Confirm with . or Enter, or press ? or * to list all spells.
Aiming: Sandblast (safe; 1% risk of failure)
Press: ? - help, Shift-Dir - straight line, f/p - orc priest
Aim: an orc priest, wielding a +0 dagger and wearing a +0 scale mail (heavily wounded, 85% to hit)
The blast of sand hits the orc priest!
The orc priest hits you but does no damage.
The orc priest invokes the aid of Beogh against you.
Pain shoots through your body!
You take 3 damage, and have 14/24 hp.
You now have 0/9 mp.
You barely miss the orc priest.
The orc priest hits you but does no damage.
You closely miss the orc priest.
The orc priest invokes the aid of Beogh against you.
Pain shoots through your body!
You take 2 damage, and have 12/24 hp.
You closely miss the orc priest.
The orc priest mumbles some strange prayers to Beogh against you.
You barely resist.
The orc priest calls upon Beogh to heal the orc.
The orc's wounds heal themselves!
Casting: Sandblast (safe; 1% risk of failure)
Confirm with . or Enter, or press ? or * to list all spells.
Aiming: Sandblast (safe; 1% risk of failure)
Press: ? - help, Shift-Dir - straight line, f/p - orc priest
Aim: an orc priest, wielding a +0 dagger and wearing a +0 scale mail (almost dead, 85% to hit)
The blast of sand hits the orc priest but does no damage.
The orc priest hits you with a +0 dagger.
You take 2 damage, and have 10/24 hp.
You now have 0/9 mp.
You closely miss the orc priest.
The orc priest calls down the wrath of Beogh upon you.
Pain shoots through your body!
* * * LOW HITPOINT WARNING * * *
You hit the orc priest. The orc barely misses you.
You have reached level 5!
You take 1 damage, and have 9/28 hp.
You closely miss the orc. The orc hits you with a +0 whip.
* * * LOW HITPOINT WARNING * * *
You take 3 damage, and have 6/28 hp.
You hit the orc but do no damage. The orc hits you with a +0 whip.
* * * LOW HITPOINT WARNING * * *
You take 2 damage, and have 4/28 hp.
You hit the orc. The orc hits you with a +0 whip.
* * * LOW HITPOINT WARNING * * *
You take 1 damage, and have 3/28 hp.
Casting: Sandblast (safe; 1% risk of failure)
Confirm with . or Enter, or press ? or * to list all spells.
Aiming: Sandblast (safe; 1% risk of failure)
Press: ? - help, Shift-Dir - straight line, f - orc
Aim: an orc, wielding a +0 whip and wearing a +0 leather armour (moderately wounded, 83% to hit)
The blast of sand misses the orc. x2; The orc hits you but does no damage.
The orc hits you with a +0 whip.
You die...

###### #....# #.##.#
#.##.##########
#.##..........#
#.........###@#
#.........###o#####...
####.........#..o.......#
.............#....).....#
.......^.....#.......?$.#
........######..........#
........# #..........#
...#+#### #..........#
##.#.# ###+#####+##


You could see 2 orcs.

Vanquished Creatures
  An orc priest (D:3)
  Jessica (D:2)
  3 adders
  3 dart slugs
  2 orcs (D:3)
  3 endoplasms (D:1)
  A giant cockroach (D:3)
  3 goblins
  4 hobgoblins
  3 quokkas
  3 ball pythons
  8 bats
  3 kobolds
  8 rats
46 creatures vanquished.

Notes
Turn   | Place    | Note
-------+----------+-------------------------------------------
     0 | D:1      | IndexError the Gargoyle Earth Elementalist began the quest
                  | for the Orb.
     0 | D:1      | Reached XP level 1. HP: 10/10 MP: 3/3
    98 | D:1      | Found Heuro's General Store.
   284 | D:1      | Reached skill level 4 in Earth Magic
   284 | D:1      | Reached XP level 2. HP: 11/15 MP: 0/5
   579 | D:1      | Reached XP level 3. HP: 19/19 MP: 4/6
   747 | D:1      | Found The Oracle's Delphic Readings.
  1196 | D:2      | Noticed Jessica
  1200 | D:2      | Killed Jessica
  1201 | D:2      | Reached skill level 3 in Spellcasting
  1201 | D:2      | Reached XP level 4. HP: 24/24 MP: 4/8
  1358 | D:2      | Found a faded altar of an unknown god.
  1482 | D:2      | Reached skill level 5 in Earth Magic
  2233 | D:3      | Reached XP level 5. HP: 9/28 MP: 0/10
  2233 | D:3      | HP: 6/28 [orc/+0 whip (3)]
  2236 | D:3      | Slain by an orc

Illustrated notes

Levels and vault maps discovered:
D:1:      minmay_arrival_stair_chambers, layout_basic, serial_shops, shop,
          nicolae_nh_oracle_at_delphi
D:2:      layout_loops_ring, shapermc_ecumenical_altar_petra,
          kennysheep_jessica_study
D:3:      layout_basic, mainiacjoe_overflow_chevrons

Skill      XL: |  1  2  3  4 |
---------------+-------------+-----
Earth Magic    | 4 5 |  5.5
Spellcasting   | 3 |  3.6
Dodging        | |  1.5
Stealth        | |  2.1
Transmutations | |  0.7

Action                     |  1- 3 |  4- 6 || total
---------------------------+-------+-------++-------
  Melee: Unarmed           |    11 |       ||    11
         Rapier            |     1 |     8 ||     9
   Cast: Sandblast         |    38 |    27 ||    65
 Armour: Robe              |    16 |    19 ||    35
  Dodge: Dodged            |    21 |     4 ||    25

Table legend: (Time is in decaauts)
 A = Elapsed time spent in this place.
 B = Non-inter-level travel time spent in this place.
 C = Inter-level travel time spent in this place.
 D = Time resting spent in this place.
 E = Time spent auto-exploring this place.
 F = Levels seen in this place.
 G = Mean time per level.
                   A        B        C        D        E       F      G
               +--------+--------+--------+--------+--------+-----+--------+
         Total |   2269 |   2098 |    171 |      0 |   1841 |   3 |  756.3 |
       Dungeon |   2269 |   2098 |    171 |      0 |   1841 |   3 |  756.3 |
               +--------+--------+--------+--------+--------+-----+--------+

Top non-repeatable levels by time:
     D:1: 1130 daAuts
     D:2: 972 daAuts
     D:3: 166 daAuts

Levels and vault maps discovered:
D:1:      minmay_arrival_stair_chambers, layout_basic, serial_shops, shop,
          nicolae_nh_oracle_at_delphi
D:2:      layout_loops_ring, shapermc_ecumenical_altar_petra,
          kennysheep_jessica_study
D:3:      layout_basic, mainiacjoe_overflow_chevrons

Table legend: (Time is in decaauts)
 A = Elapsed time spent in this place.
 B = Non-inter-level travel time spent in this place.
 C = Inter-level travel time spent in this place.
 D = Time resting spent in this place.
 E = Time spent auto-exploring this place.
 F = Levels seen in this place.
 G = Mean time per level.
                   A        B        C        D        E       F      G
               +--------+--------+--------+--------+--------+-----+--------+
         Total |   2269 |   2098 |    171 |      0 |   1841 |   3 |  756.3 |
       Dungeon |   2269 |   2098 |    171 |      0 |   1841 |   3 |  756.3 |
               +--------+--------+--------+--------+--------+-----+--------+

Top non-repeatable levels by time:
     D:1: 1130 daAuts
     D:2: 972 daAuts
     D:3: 166 daAuts

Table legend:
 A = Kills in this place as a percentage of kills in the entire game.
 B = Kills by you in this place as a percentage of kills by you in the entire game.
 C = Kills by friends in this place as a percentage of kills by friends in the entire game.
 D = Other kills in this place as a percentage of other kills in the entire game.
 E = Experience gained in this place as a percentage of experience gained in the entire game.
 F = Experience gained in this place divided by the number of levels of this place that you have seen.
                   A       B       C       D       E      F
               +-------+-------+-------+-------+-------+----------------------
         Total | 100.0 | 100.0 |   N/A |   N/A | 100.0 |  65.3
       Dungeon | 100.0 | 100.0 |   N/A |   N/A | 100.0 |  65.3
               +-------+-------+-------+-------+-------+----------------------
